 Dungeon Crawl Stone Soup version 0.25.0-9-g26727b657a (webtiles) character file.

Game seed: 10153585377815859972

2176 mopl the Insei (level 9, -2/49 HPs)
             Began as a Kobold Transmuter on June 17, 2020.
             Was a Priest of Uskayaw.
             Slain by a hippogriff (7 damage)
             ... on level 7 of the Dungeon.
             The game lasted 00:12:47 (7668 turns).

mopl the Insei (Kobold Transmuter)                  Turns: 7668, Time: 00:12:48

Health: -2/49      AC:  2    Str: 10    XL:     9   Next: 58%
Magic:  23/24      EV: 22    Int: 14    God:    Uskayaw [***...]
Gold:   361        SH:  5    Dex: 23    Spells: 2/17 levels left

rFire    . . .     SeeInvis .     - Unarmed
rCold    . . .     Gourm    .   (shield currently unavailable)
rNeg     . . .     Faith    .   (armour currently unavailable)
rPois    x         Spirit   .   (helmet currently unavailable)
rElec    .         Reflect  +   (cloak currently unavailable)
rCorr    .         Harm     .   (gloves currently unavailable)
MR       .....                  (boots currently unavailable)
Stlth    ++........             h - amulet of reflection
HPRegen  0.16/turn              l - ring of magical power
MPRegen  0.19/turn              (no ring)

@: spider-form
A: tiny, agile 1, carnivore
a: End Transformation, Stomp, Line Pass, Renounce Religion


You were on level 7 of the Dungeon.
You worshipped Uskayaw.
Uskayaw was noncommittal.
You were completely stuffed.
You were a venomous arachnid creature.
You visited 2 branches of the dungeon, and saw 8 of its levels.

You collected 361 gold pieces.

Inventory:

Hand Weapons
 b - a +1 hunting sling of flaming (melded)
 j - a +3 short sword
 y - the +1 dagger "Ebbasyunna" {freeze, rElec rPois rN+ MR-}
   (You found it on level 4 of the Dungeon)

   It has been specially enchanted to freeze those struck by it, causing extra
   injury to most foes and up to half again as much damage against particularly
   susceptible opponents.
   It can also slow down cold-blooded creatures.
   It insulates you from electricity.
   It protects you from poison.
   It protects you from negative energy.
   It affects your resistance to hostile enchantments.
Missiles
 a - 154 arrows
 c - 193 stones (quivered)
 n - 2 curare-tipped darts
 r - 105 sling bullets
 u - 26 poisoned darts
Armour
 s - a +0 robe (melded)
 x - a +0 kite shield
 A - a +2 cloak (melded)
 D - the -3 pair of gloves "Hujuodgh" {MR+}
   (You found it on level 7 of the Dungeon)

   It affects your resistance to hostile enchantments.
Magical Staves
 k - an uncursed staff of wizardry
Jewellery
 h - an amulet of reflection (around neck)
 l - a ring of magical power (left front leg)
Wands
 o - a wand of paralysis (23)
Scrolls
 e - a scroll of amnesia {unknown}
 f - a scroll of enchant armour {unknown}
 p - 4 scrolls of remove curse
 t - 2 scrolls of fear {unknown}
Potions
 g - 2 potions of magic
 i - a potion of curing
 m - a potion of brilliance
 q - 6 potions of lignification
 v - a potion of heal wounds
 w - a potion of might
 B - a potion of cancellation
 C - 2 potions of ambrosia
 E - a potion of berserk rage
Comestibles
 d - 12 rations


   Skills:
 + Level 2.4 Fighting
 + Level 2.3 Throwing
 + Level 3.5 Dodging
 * Level 7.3 Unarmed Combat
 + Level 4.5 Spellcasting
 + Level 5.1 Transmutations
 + Level 3.5 Ice Magic
 - Level 2.0 Poison Magic
 * Level 5.4 Invocations


You had 2 spell levels left.
You knew the following spells:

 Your Spells              Type           Power        Failure   Level  Hunger
a - Beastly Appendage     Tmut           ###...       9%          1    None
b - Spider Form           Tmut/Pois      ##........   30%         3    ###....
c - Blade Hands           Tmut           ###.......   75%         5    ######.
d - Ice Form              Ice/Tmut       ###.....     52%         4    ####...
w - Sticks to Snakes      Tmut           ###.....     12%         2    ##.....

Your spell library contained the following spells:

 Spells                   Type           Power        Failure   Level  Hunger
 Magic Dart               Conj           #...         38%         1    None
 Blink                    Tloc           N/A          50%         2    ##.....
 Call Imp                 Summ           #.......     50%         2    ##.....
 Slow                     Hex            #.......     50%         2    ##.....
 Mephitic Cloud           Conj/Pois/Air  #.......     61%         3    ###....
 Conjure Flame            Conj/Fire      #.......     71%         3    ###....


Dungeon Overview and Level Annotations

Branches:
Dungeon (7/15)             Temple (1/1) D:5

Altars:
Ashenzari
Cheibriados
Dithmenos
Elyvilon
Fedhas
Kikubaaqudgha
Makhleb
Okawaru
Qazlal
Ru
Uskayaw
Vehumet
Wu Jian
Xom
Yredelemnul
Zin
The Shining One


Innate Abilities, Weirdness & Mutations

You are small and have problems with some larger weapons.
You are carnivorous and can eat meat at any time.
((You have a pair of small horns on your head.))
You are agile. (Dex +2)


Message History

You are too injured to fight recklessly!
You are too injured to fight recklessly!
You hit the hippogriff.
The hippogriff is heavily wounded.
You bite the hippogriff!
The hippogriff is severely wounded.
The hippogriff completely misses you. The hippogriff pecks you!
The hippogriff claws you.
* * * LOW HITPOINT WARNING * * *
Uskayaw will force your foes to helplessly watch your dance.
Uskayaw prepares the audience for your solo!
The helpless hippogriff fails to defend itself.
You bite the hippogriff!
The hippogriff looks as sick as possible!
The hippogriff is almost dead.
The hippogriff is no longer paralysed.
The hippogriff misses you. The hippogriff pecks you!
* * * LOW HITPOINT WARNING * * *
The hippogriff claws you!
You die...

#.# #.# .# #.# #.# .#
#.# #.# .# #.# #.# .#
#.# #.# .#
###.#######.#####.#
..................######
................s.......
#.#..######.#####H.#####
#.#..# #.# ..# #.#..#
#.# ..# #.#### #.# ..#
### #.# .(# #.# ..# #.#
..# #.#


You could see a hippogriff (extremely poisoned).

Vanquished Creatures
  The ghost of LohmatiyShmel the Skirmisher, an amateur MiFi of Xom (D:4)
  Edmund (D:4)
  Duvessa (D:4)
  2 sky beasts
  An ogre (D:4)
  2 phantoms (D:4)
  2 centaurs
  2 bullfrogs (D:6)
  A scorpion (D:4)
  Dowan (D:4)
  A howler monkey (D:2)
  4 crimson imps
  Crazy Yiuf (D:4)
  2 bullfrog skeletons
  A centaur zombie (D:5)
  4 hounds
  An orc priest (D:3)
  2 jellies
  4 orc wizards
  3 worker ants
  A hound zombie (D:4)
  3 gnolls (D:5)
  9 adders
  A white imp (D:5)
  An ooze (D:3)
  2 adder skeletons
  4 worms
  A dart slug (D:2)
  5 leopard geckos
  16 orcs
  11 bats
  4 giant cockroaches
  7 goblins
  12 hobgoblins
  11 jackals
  8 kobolds
  A ball python (D:3)
  2 frilled lizards
  A jackal skeleton (D:4)
  A jackal zombie (D:6)
  8 rats
146 creatures vanquished.

Vanquished Creatures (collateral kills)
  A crimson imp (D:5)
1 creature vanquished.

Vanquished Creatures (others)
  2 withered plants (D:4)
2 creatures vanquished.

Grand Total: 149 creatures vanquished

Notes
Turn   | Place    | Note
-------+----------+-------------------------------------------
     0 | D:1      | mopl the Kobold Transmuter began the quest for the Orb.
     0 | D:1      | Reached XP level 1. HP: 12/12 MP: 3/3
    57 | D:1      | Reached XP level 2. HP: 9/16 MP: 3/5
    68 | D:1      | Learned a level 2 spell: Sticks to Snakes
   523 | D:1      | Reached XP level 3. HP: 20/20 MP: 6/6
   528 | D:1      | Learned a level 3 spell: Spider Form
  1599 | D:2      | Reached XP level 4. HP: 11/25 MP: 6/8
  1812 | D:2      | Reached skill level 4 in Unarmed Combat
  1995 | D:2      | Gained mutation: You are agile. (Dex +2) [potion of
                  | mutation]
  1995 | D:2      | Gained mutation: You have a pair of small horns on your
                  | head. [potion of mutation]
  1996 | D:2      | HP: 1/25 [poisoned by miscasting Spider Form]
  2001 | D:2      | Reached skill level 1 in Poison Magic
  2001 | D:2      | Reached XP level 5. HP: 3/29 MP: 1/9
  2002 | D:2      | HP: 2/43 [poisoned by miscasting Spider Form]
  2010 | D:2      | HP: 1/43 [rat (1)]
  2924 | D:3      | Reached XP level 6. HP: 17/34 MP: 10/10
  3331 | D:3      | You fall into a shaft and drop 2 floors!
  3331 | D:5      | Entered Level 5 of the Dungeon
  3344 | D:5      | Learned a level 4 spell: Ice Form
  3422 | D:5      | Reached skill level 5 in Unarmed Combat
  3652 | D:4      | Noticed Dowan
  3656 | D:4      | Noticed Duvessa
  3661 | D:4      | Killed Dowan
  3661 | D:4      | Reached skill level 1 in Ice Magic
  3885 | D:5      | Found a staircase to the Ecumenical Temple.
  3891 | Temple   | Entered the Ecumenical Temple
  3959 | Temple   | Became a worshipper of Uskayaw the Reveler
  4041 | D:5      | Reached * piety under Uskayaw
  4043 | D:5      | Reached skill level 1 in Invocations
  4043 | D:5      | Reached XP level 7. HP: 29/38 MP: 12/12
  4240 | D:5      | Reached ** piety under Uskayaw
  4624 | D:5      | Found a basalt altar of Yredelemnul.
  4774 | D:4      | Got a dazzling dagger
  4775 | D:4      | Identified the cursed +1 dagger "Ebbasyunna" {freeze, rElec
                  | rPois rN+ MR-} (You found it on level 4 of the Dungeon)
  4943 | D:3      | Found a burning altar of Makhleb.
  5078 | D:4      | Noticed Edmund
  5090 | D:4      | Killed Edmund
  5090 | D:4      | Reached XP level 8. HP: 26/43 MP: 14/14
  5206 | D:4      | Found a runed translucent door.
  5207 | D:4      | Noticed Crazy Yiuf
  5215 | D:4      | Killed Crazy Yiuf
  5215 | D:4      | Reached skill level 6 in Unarmed Combat
  5275 | D:4      | Reached *** piety under Uskayaw
  5490 | D:4      | Found a runed translucent door.
  5504 | D:4      | Killed Duvessa
  5507 | D:4      | Noticed LohmatiyShmel's ghost (amateur MiFi)
  5596 | D:4      | Learned a level 5 spell: Blade Hands
  5637 | D:4      | Found a shadowy altar of Dithmenos.
  6105 | D:4      | Reached skill level 1 in Throwing
  6179 | D:4      | Reached XP level 9. HP: 18/47 MP: 15/15
  6429 | D:4      | Killed LohmatiyShmel's ghost
  6615 | D:6      | Reached skill level 7 in Unarmed Combat
  6688 | D:6      | Reached skill level 5 in Invocations
  7004 | D:6      | Reached skill level 5 in Transmutations
  7490 | D:7      | Got a pair of twisted gloves
  7496 | D:7      | Identified the cursed -3 pair of gloves "Hujuodgh" {MR+}
                  | (You found it on level 7 of the Dungeon)
  7656 | D:7      | Noticed a hippogriff
  7668 | D:7      | Slain by a hippogriff

Illustrated notes

Levels and vault maps discovered:
D:1:      mrwooster_arrival_statue, layout_basic
D:2:      layout_rooms, first_ration, serial_corexii_hall,
          corexii_hall_statues_i, corexii_hall_statues_u
D:3:      layout_rooms, lightli_temple_of_fire
D:4:      minmay_inner_zag, layout_rooms, gammafunk_ghost_grave,
          minmay_crystal_room, minmay_misc_feat_rows,
          grunt_dithmenos_smoke_and_mirrors, uniq_crazy_yiuf_cottage,
          uniq_duvessa, uniq_edmund
D:5:      layout_layer_cave, kennysheep_mini, temple_green,
          minmay_misc_feat_secret_circle, minmay_fire_ice_demons
D:6:      layout_basic
D:7:      layout_basic, gammafunk_temple_overflow_statue, grunt_ogre_cave,
          amethyst_killhole, minmay_fractal_squares_gapless_5
Temple:   regret_index_temple_waves

Skill      XL: |  1  2  3  4  5  6  7  8  9 |
---------------+----------------------------+-----
Unarmed Combat | 4 5 6 7 |  7.3
Spellcasting   | 3 4 |  4.5
Poison Magic   | 1 2 |  2.0
Transmutations | 3 4 5 |  5.1
Ice Magic      | 1 2 3 |  3.5
Invocations    | 1 2 4 5 |  5.4
Throwing       | 1 2 |  2.3
Dodging        | 3 |  3.5
Fighting       | 2 |  2.4

Action                   |  1- 3 |  4- 6 |  7- 9 || total
-------------------------+-------+-------+-------++-------
Melee: Unarmed           |    39 |   110 |   269 ||   418
       Short sword       |    53 |    27 |       ||    80
       Headbutt          |     2 |     9 |    25 ||    36
       Kick              |     5 |    12 |    14 ||    31
       Punch             |       |     3 |     4 ||     7
 Fire: Hunting sling     |       |    27 |    47 ||    74
 Cast: Beastly Appendage |    10 |     7 |     6 ||    23
       Sticks to Snakes  |     2 |     1 |       ||     3
       Spider Form       |       |     6 |    24 ||    30
       Blade Hands       |       |       |     1 ||     1
 Abil: End Transformatio |       |       |     2 ||     2
  Use: Potion            |       |     7 |       ||     7
       Scroll            |       |     1 |     9 ||    10
 Stab: Sleeping          |     2 |       |       ||     2
       Paralysed         |       |       |     5 ||     5
  Eat: Chunk             |    10 |     9 |    15 ||    34
Armor: Robe              |     9 |     9 |    14 ||    32
       Skin              |       |     5 |     7 ||    12
Dodge: Dodged            |    76 |   109 |   171 ||   356
Block: Other             |    23 |    39 |    52 ||   114
       Reflection        |     1 |     3 |     1 ||     5
